 Dungeon Crawl Stone Soup version 0.30-a0-368-g86fb4627a9 (webtiles) character file.

Game seed: 4822323551054485671

16 mopl the Sneak (level 2, 0/19 HPs)
             Began as an Octopode Brigand on Nov 19, 2022.
             Slain by a black bear (5 damage)
             ... on level 2 of the Dungeon.
             The game lasted 00:00:39 (1063 turns).

mopl the Sneak (Octopode Brigand)                   Turns: 1063, Time: 00:00:39

Health: 0/19       AC:  1    Str: 10    XL:     2   Next: 54%
Magic:  2/2        EV: 12    Int: 13    God:
Gold:   101        SH:  0    Dex: 13    Spells: 1/1 levels left

rFire   . . .      SeeInvis .    a - +2 dagger
rCold   . . .      Faith    .    (no shield)
rNeg    . . .      Spirit   .    (helmet restricted)
rPois   .          Reflect  .    (no amulet)
rElec   .          Harm     .    (no ring)
rCorr   .          Rampage  .    (no ring)
Will    .....                    (no ring)
Stlth   ++++......               (no ring)
HPRegen 0.23/turn                (no ring)
MPRegen 0.08/turn                (no ring)
                                 (no ring)
                                 (no ring)

@: no status effects
A: almost no armour, amphibious, 8 rings, camouflage 1, gelatinous body 1,
(nimble swimmer 1), tentacles
a: no special abilities


You were on level 2 of the Dungeon.
You visited 1 branch of the dungeon, and saw 2 of its levels.

You collected 101 gold pieces.

Inventory:

Hand Weapons
 a - a +2 dagger (weapon)
Missiles
 b - 9 poisoned darts (quivered)
 c - 3 curare-tipped darts
 g - 4 boomerangs
Scrolls
 f - 2 scrolls of butterflies {unknown}
 j - a scroll of identify {unknown}
 k - 2 scrolls of teleportation {unknown}
 l - a scroll of brand weapon {unknown}
Potions
 d - a potion of flight {unknown}
 e - a potion of attraction {unknown}
 h - 2 potions of curing {unknown}
 i - a potion of heal wounds {unknown}


   Skills:
 + Level 2.2 Fighting
 - Level 2.0(2.1) Short Blades
 + Level 0.9(1.5) Long Blades
 + Level 2.2 Throwing
 - Level 1.0 Dodging
 + Level 5.6 Stealth


You had one spell level left.
You didn't know any spells.
Your spell library was empty.

Dungeon Overview and Level Annotations

Branches:
Dungeon (2/15)

Altars:


Innate Abilities, Weirdness & Mutations

You cannot wear most types of armour.
You are amphibious.
You can wear up to eight rings at the same time.
Your skin changes colour to match your surroundings (Stealth+).
Your rubbery body absorbs attacks. (AC +1, EV +1)
((You are camouflaged when in or above water. (Stealth+)))
You have tentacles for arms and can constrict up to eight enemies at once.


Message History

You open the door.
Found a hand axe.
There is an open door here.
You open the door.
There is an open door here.
Found a mace.
You see here a +0 mace.
You open the door.
A black bear, a dart slug and a ball python come into view.
There is an open door here.
There are monsters nearby!
The black bear growls angrily.
The ball python hisses angrily.
You hit the black bear but do no damage.
You grab the black bear. You constrict the black bear.
The black bear closely misses you. The black bear claws you.
The black bear barely misses you.
You hit the black bear.
The black bear is lightly wounded.
You constrict the black bear, but do no damage.
The black bear bites you. The black bear barely misses you.
The black bear claws you. The dart slug launches a dart at you.
The slug dart hits you.
You hit the black bear. You tentacle-slap the black bear.
You squeeze the black bear.
The black bear is moderately wounded.
You constrict the black bear. The black bear closely misses you.
The black bear claws you but does no damage.
The black bear claws you.
Unknown command.
You hit the ball python but do no damage.
You grab the ball python. You constrict the black bear.
You constrict the ball python, but do no damage.
The dart slug launches a dart at you. The slug dart hits you.
The ball python bites you. The ball python misses you.
The black bear bites you.
* * * LOW HITPOINT WARNING * * *
The black bear closely misses you. The black bear claws you.
You die...

#.# #......
#######)#
#..........# #......
........#
#..........# #......
#########
#.....w....# #......
#..........# ####'#.
#..........# #.#.
#..........# #.#.
+....S.....# ..#.
#..h@......#
#######.
+.......#'#####
#.....#. #######.#.#
#.###.#. #.#.#
#.#.#.#. #.#.#
#.#..... ..#.#
#.#####.
##################.#
#.......
...................#
########
####################
#


You could see a black bear, a dart slug and a ball python.

Vanquished Creatures
  A bat (D:2)
  An endoplasm (D:2)
  2 goblins (D:1)
  6 jackals (D:1)
  A frilled lizard (D:1)
  A kobold (D:1)
  A rat (D:1)
13 creatures vanquished.

Notes
Turn   | Place    | Note
-------+----------+-------------------------------------------
     0 | D:1      | mopl the Octopode Brigand began the quest for the Orb.
     0 | D:1      | Reached XP level 1. HP: 14/14 MP: 1/1
   267 | D:1      | Reached XP level 2. HP: 19/19 MP: 2/2
  1057 | D:2      | Noticed a black bear
  1063 | D:2      | Slain by a black bear

Illustrated notes

Levels and vault maps discovered:
D:1:      minmay_arrival_four_circles, layout_basic
D:2:      layout_basic

Action                   || total
-------------------------++-------
Melee: Dagger            ||    25
       Tentacles         ||     6
       Constrict         ||     5
       Punch             ||     1
 Stab: Sleeping          ||     5
Armor: Skin              ||     3
Dodge: Dodged            ||    20

Table legend: (Time is in decaauts)
 A = Elapsed time spent in this place.
 B = Non-inter-level travel time spent in this place.
 C = Inter-level travel time spent in this place.
 D = Time resting spent in this place.
 E = Time spent auto-exploring this place.
 F = Levels seen in this place.
 G = Mean time per level.
                   A        B        C        D        E       F      G
               +--------+--------+--------+--------+--------+-----+--------+
         Total |   1060 |   1031 |     29 |     30 |    908 |   2 |  530.0 |
       Dungeon |   1060 |   1031 |     29 |     30 |    908 |   2 |  530.0 |
               +--------+--------+--------+--------+--------+-----+--------+

Top non-repeatable levels by time:
     D:1: 695 daAuts
     D:2: 365 daAuts
